 Dungeon Crawl Stone Soup version 0.24.0-13-gcf9b319 (webtiles) character file.

Game seed: 8003252709456068124, levelgen mode: deterministic

135 talyn the Twirler (level 5, -4/81 HPs)
             Began as an Ogre Gladiator on Nov 16, 2019.
             Slain by a gnoll
             ... wielding a +0 spear
              (8 damage)
             ... on level 3 of the Dungeon.
             The game lasted 00:05:41 (2573 turns).

talyn the Twirler (Ogre Gladiator)                  Turns: 2573, Time: 00:05:41

Health: -4/81      AC:  4    Str: 23    XL:     5   Next: 18%
Magic:  5/5        EV: 16    Int:  9    God:
Gold:   114        SH:  0    Dex: 16    Spells: 4/4 levels left

rFire    + . .     SeeInvis .   a - +0 quarterstaff
rCold    + . .     Gourm    .   (shield currently unavailable)
rNeg     . . .     Faith    .   h - +1 robe {rC+ rF+}
rPois    .         Spirit   .   c - +0 hat
rElec    .         Reflect  .   (no cloak)
rCorr    .         Harm     .   (gloves unavailable)
MR       .....                  (boots unavailable)
Stlth    ..........             o - amulet of rage
HPRegen  0.23/turn              (no ring)
MPRegen  0.09/turn              (no ring)

@: agile, berserking, very quick
A: large, unfitting armour, tough skin 1
a: Evoke Berserk Rage


You were on level 3 of the Dungeon.
You were not hungry.

You visited 1 branch of the dungeon, and saw 3 of its levels.

You collected 114 gold pieces.

Inventory:

Hand Weapons
 a - a +0 quarterstaff (weapon)
Missiles
 d - 2 throwing nets (quivered)
Armour
 c - a +0 hat (worn)
 h - a +1 robe of resistance (worn)
Jewellery
 o - an amulet of rage (around neck)
Wands
 g - a wand of random effects (12)
 j - a wand of flame (12)
Scrolls
 b - 4 scrolls of immolation
Potions
 e - a potion of agility
 i - a potion of flight
 k - a potion of berserk rage {unknown}
 l - 2 potions of mutation
 m - a potion of degeneration {unknown}
Comestibles
 f - 7 rations


   Skills:
 + Level 4.1 Fighting
 * Level 4.5 Staves
 - Level 2.0 Throwing
 + Level 3.4 Dodging


You had 4 spell levels left.
You didn't know any spells.
Your spell library was empty.

Dungeon Overview and Level Annotations

Branches:
Dungeon (3/15)

Altars:


Innate Abilities, Weirdness & Mutations

You are too large for most types of armour.
You have tough skin. (AC +1)


Message History

The gnoll is severely wounded.
The gnoll barely misses you. x2
You barely miss the gnoll.
The gnoll is severely wounded.
The gnoll hits you from afar with a +0 spear.
* * * LOW HITPOINT WARNING * * *
The gnoll barely misses you. The gnoll closely misses you.
A red film seems to cover your vision as you go berserk!
You feel yourself moving faster!
You feel mighty!
You feel a lot more hungry. The gnoll misses you. The gnoll closely misses you.
You hit the gnoll but do no damage.
The gnoll is severely wounded.
The gnoll hits you with a +0 whip!
* * * LOW HITPOINT WARNING * * *
You sock the gnoll!
You kill the gnoll!
The gnoll hits you from afar with a +0 spear.
* * * LOW HITPOINT WARNING * * *
The gnoll hits you with a +0 spear!
You die...

#.# #..........#
#.# #..........#
#.###..........#
#.#............#
#.#(#..........#
#.#.#####.######
#.# #.# # #(###
#.###
#.#.#@#<###...#
#...g.........#
................#
...............##
...............#
####...........#
#...........#
#############


You could see a gnoll.

Vanquished Creatures
  Ijyb (D:3)
  Terence (D:2)
  2 gnolls (D:3)
  An adder (D:2)
  2 oozes (D:2)
  A worm (D:2)
  3 dart slugs
  2 leopard geckos (D:2)
  2 ball pythons (D:1)
  3 giant cockroaches
  4 hobgoblins
  2 bats (D:1)
  2 frilled lizards
  3 goblins
  8 kobolds
  8 rats
45 creatures vanquished.

Notes
Turn   | Place    | Note
-------+----------+-------------------------------------------
     0 | D:1      | talyn the Ogre Gladiator began the quest for the Orb.
     0 | D:1      | Reached XP level 1. HP: 22/22 MP: 1/1
   386 | D:1      | Reached XP level 2. HP: 27/29 MP: 2/2
  1139 | D:1      | Reached XP level 3. HP: 36/37 MP: 3/3
  1189 | D:2      | Noticed Terence
  1203 | D:2      | Killed Terence
  1312 | D:2      | Reached XP level 4. HP: 18/45 MP: 4/4
  2357 | D:3      | Noticed Ijyb
  2384 | D:3      | Killed Ijyb
  2485 | D:3      | Reached XP level 5. HP: 54/54 MP: 5/5
  2572 | D:3      | HP: 4/81 [gnoll/+0 spear (3)]
  2573 | D:3      | Slain by a gnoll

Levels and vault maps discovered:
D:1:      tarquinn_simple_flora_water_f, layout_basic, minmay_bisected
D:2:      layout_loops_ring, uniq_terence
D:3:      layout_basic, first_ration, minivault_11, uniq_ijyb

Skill      XL: |  1  2  3  4 |
---------------+-------------+-----
Fighting       | 3 4 |  4.1
Dodging        | 3 |  3.4
Staves         | 4 |  4.5
Throwing       | |  2.0

Action                   |  1- 3 |  4- 6 || total
-------------------------+-------+-------++-------
Melee: Quarterstaff      |    80 |    67 ||   147
Throw: Throwing net      |       |     1 ||     1
 Abil: Evoke Berserk Rag |       |     1 ||     1
  Use: Scroll            |     4 |     5 ||     9
       Potion            |       |     1 ||     1
  Eat: Chunk             |     1 |     3 ||     4
       Ration            |       |     1 ||     1
Armor: Robe              |     8 |    14 ||    22
Dodge: Dodged            |    38 |    40 ||    78
